 Dungeon Crawl Stone Soup version 0.30-a0-737-gf23d94013f (webtiles) character file.

Game seed: 17601480390743575029

154 M4edhros the Insei (level 5, 0/33 HPs)
             Began as an Octopode Transmuter on Feb 2, 2023.
             Slain by an orc wizard
             ... wielding a +0 dagger
              (1 damage)
             ... on level 4 of the Dungeon.
             The game lasted 00:04:26 (920 turns).

M4edhros the Insei (Octopode Transmuter)             Turns: 920, Time: 00:04:26

Health: 0/33       AC:  1    Str:  9    XL:     5   Next: 36%
Magic:  8/8        EV: 13    Int: 15    God:
Gold:   56         SH:  0    Dex: 15    Spells: 7/8 levels left

rFire   . . .      SeeInvis .      - Unarmed
rCold   . . .      Faith    .    (no shield)
rNeg    . . .      Spirit   .    (helmet restricted)
rPois   .          Reflect  .    (no amulet)
rElec   .          Harm     .    (no ring)
rCorr   .          Rampage  .    (no ring)
Will    .....                    (no ring)
Stlth   ++                       (no ring)
HPRegen 0.25/turn                (no ring)
MPRegen 0.11/turn                (no ring)
                                 (no ring)
                                 (no ring)

@: on berserk cooldown, slowed, very slow
A: almost no armour, amphibious, 8 rings, camouflage 1, gelatinous body 1,
(nimble swimmer 1), tentacles
a: no special abilities


You were on level 4 of the Dungeon.
You visited 1 branch of the dungeon, and saw 4 of its levels.

You collected 56 gold pieces.

Inventory:

Armour
 e - a +1 buckler
Wands
 a - a wand of flame (29)


   Skills:
 - Level 1.0 Fighting
 - Level 2.0 Dodging
 + Level 4.6 Unarmed Combat
 - Level 2.0 Spellcasting
 + Level 4.0 Transmutations


You had 7 spell levels left.
You knew the following spells:

 Your Spells              Type           Power      Damage    Failure   Level
a - Beastly Appendage     Tmut           26%        N/A       4%          1

Your spell library contained the following spells:

 Spells                   Type           Power      Damage    Failure   Level
 Wereblood                Tmut           13%        N/A       6%          2
 Necrotise                Necr           4%         1d4       22%         1
 Spider Form              Tmut/Pois      7%         N/A       28%         3
 Vampiric Draining        Necr           1%         2d6       54%         3
 Ice Form                 Ice/Tmut       7%         N/A       67%         4
 Agony                    Necr           1%         N/A       99%         5


Dungeon Overview and Level Annotations

Branches:
Dungeon (4/15)
 Temple: D:4-7

Altars:
Ru


Innate Abilities, Weirdness & Mutations

You cannot wear most types of armour.
You are amphibious.
You can wear up to eight rings at the same time.
Your skin changes colour to match your surroundings (Stealth+).
Your rubbery body absorbs attacks. (AC +1, EV +1)
((You are camouflaged when in or above water. (Stealth+)))
You have tentacles for arms and can constrict up to eight enemies at once.


Message History

You kill the orc priest!
You hear some strange, mumbled words.
Deactivating autopickup; reactivate with Ctrl-A.
Something tries to affect you, but you resist.
Your Transmutations skill increases to level 4!
You completely miss the orc. You grab the orc. You constrict the orc.
The orc hits you with a +0 war axe!
* * * LOW HITPOINT WARNING * * *
The orc barely misses you.
As you read the scroll labelled ENWUOB ESMATIH, it crumbles to dust.
It is a scroll of enchant armour.
Your +0 buckler glows green for a moment.
You constrict the orc.
You kill the orc!
You hear some strange, mumbled words.
Something tries to affect you, but you resist.
You aren't carrying any potions.
Aiming: Throw Flame
Press: ? - help, Shift-Dir - straight line, f - orc
Aim: an orc, wielding a +0 flail (68% to hit)
The puff of flame hits the orc!
You kill the orc!
You hear some strange, mumbled words.
You are confused.
You are too confused!
Sorry, you're not good enough to have a special ability.
You hear some strange, mumbled words.
Something tries to affect you, but you resist.
You bump into the stone wall.
Something hits you.
* * * LOW HITPOINT WARNING * * *
Something hits you.
* * * LOW HITPOINT WARNING * * *
An orc wizard appears from thin air!
Reactivating autopickup.
You feel less confused.
The orc wizard hits you with a +0 dagger.
* * * LOW HITPOINT WARNING * * *
The orc wizard attacks as you move away!
The orc wizard hits you with a +0 dagger.
You die...

.. ..##### ......######
...........######
...........)...o#####
......##...####o@...#
...............####.....
..#............# ##.
....#########..### ...##
......o.# ...# .o
...o..#.## ...#$..o
......#§.^ ...#o..o
o...o.##...#
...#$........... .#.§..o


You could see an orc wizard and an orc.

Vanquished Creatures
  An orc priest (D:4)
  Ijyb (D:3)
  2 orc wizards (D:4)
  3 adders
  2 worms
  6 orcs (D:4)
  2 endoplasms (D:1)
  2 giant cockroaches (D:3)
  A quokka (D:1)
  A bat (D:1)
  A frilled lizard (D:3)
  2 kobolds (D:1)
  2 rats
26 creatures vanquished.

Notes
Turn   | Place    | Note
-------+----------+-------------------------------------------
     0 | D:1      | M4edhros the Octopode Transmuter began the quest for the
                  | Orb.
     0 | D:1      | Reached XP level 1. HP: 13/13 MP: 3/3
   319 | D:1      | Reached XP level 2. HP: 16/18 MP: 5/5
   457 | D:3      | Reached XP level 3. HP: 17/23 MP: 6/6
   543 | D:3      | Noticed Ijyb
   559 | D:3      | Killed Ijyb
   560 | D:3      | Reached XP level 4. HP: 15/28 MP: 7/7
   834 | D:3      | You fall into a shaft and drop 1 floor!
   841 | D:4      | Found a sacrificial altar of Ru.
   903 | D:4      | Reached XP level 5. HP: 26/33 MP: 8/8
   919 | D:4      | HP: 1/33 [orc wizard/+0 dagger (3)]
   920 | D:4      | Slain by an orc wizard

Illustrated notes

Levels and vault maps discovered:
D:1:      psy_arrival_radial02, layout_basic, minivault_23, minivault_27
D:2:      layout_basic, serial_shops, nicolae_shop_behind_doors,
          uniq_crazy_yiuf_cottage
D:3:      minmay_goblin_kobold_castle, layout_basic,
          mainiacjoe_overflow_brackets, ebering_ghost_reflecting_pool,
          chequers_serial_rivers_micro_b, palyth_stone_intersect, uniq_ijyb
D:4:      cheibrodos_pilgrimage, layout_rooms, mainiacjoe_overflow_alcove_2,
          minmay_temple_entry_glass

Skill      XL: |  1  2  3  4  5 |
---------------+----------------+-----
Transmutations | 3 4 |  4.0
Unarmed Combat | 4 |  4.6
Fighting       | |  1.0
Dodging        | |  2.0
Spellcasting   | |  2.0

Action                     |  1- 3 |  4- 6 || total
---------------------------+-------+-------++-------
  Melee: Unarmed           |    60 |    26 ||    86
         Constrict         |    11 |     7 ||    18
         Tentacles         |    13 |     5 ||    18
         Punch             |     2 |       ||     2
  Evoke: Wand              |       |     2 ||     2
    Use: Potion            |     2 |     3 ||     5
         Scroll            |       |     1 ||     1
   Stab: Sleeping          |     6 |     1 ||     7
 Armour: Skin              |     7 |     2 ||     9
  Dodge: Dodged            |    21 |     5 ||    26

Table legend: (Time is in decaauts)
 A = Elapsed time spent in this place.
 B = Non-inter-level travel time spent in this place.
 C = Inter-level travel time spent in this place.
 D = Time resting spent in this place.
 E = Time spent auto-exploring this place.
 F = Levels seen in this place.
 G = Mean time per level.
                   A        B        C        D        E       F      G
               +--------+--------+--------+--------+--------+-----+--------+
         Total |    915 |    903 |     12 |    104 |    439 |   4 |  228.8 |
       Dungeon |    915 |    903 |     12 |    104 |    439 |   4 |  228.8 |
               +--------+--------+--------+--------+--------+-----+--------+

Top non-repeatable levels by time:
     D:3: 412 daAuts
     D:1: 329 daAuts
     D:2: 87 daAuts
     D:4: 85 daAuts
